 Dungeon Crawl Stone Soup version 0.31-a0-466-g98c9adc2b6 (webtiles) character file.

Game seed: 4205871561890397592

14 HallandMoats the Trooper (level 2, -2/24 HPs)
             Began as a Demonspawn Monk on Aug 6, 2023.
             Slain by an orc
             ... wielding a +0 club
              (5 damage)
             ... on level 2 of the Dungeon.
             The game lasted 00:00:57 (398 turns).

HallandMoats the Trooper (Demonspawn Monk)           Turns: 398, Time: 00:00:58

Health: -2/24      AC:  8    Str: 11    XL:     2   Next: 31%
Magic:  2/2        EV:  6    Int: 11    God:
Gold:   33         SH:  0    Dex: 15    Spells: 1/1 levels left

rFire   . . .        a - +0 hand axe
rCold   . . .        d - orb {light}
rNeg    . . .        i - +0 chain mail
rPois   .            (no helmet)
rElec   .            (no cloak)
rCorr   .            (no gloves)
SInv    .            (no boots)
Will    .....        (no amulet) Stlth
                     (no ring)
HPRegen 0.24/turn    (no ring)
MPRegen 0.08/turn

%: no passive effects
@: glowing
A: demonic touch 1
a: no special abilities


You were on level 2 of the Dungeon.
You visited 1 branch of the dungeon, and saw 2 of its levels.

You collected 33 gold pieces.

Inventory:

Hand Weapons
 a - a +0 hand axe (weapon)
Armour
 b - a +0 robe
 d - an orb of light (worn)
 i - a +0 chain mail (worn)
Scrolls
 e - 2 scrolls of identify {unknown}
 f - a scroll of fog {unknown}
 h - a scroll of teleportation {unknown}
Potions
 c - a potion of ambrosia
 g - 2 potions of might {unknown}


   Skills:
 * Level 3.4 Fighting
 + Level 2.8 Axes
 - Level 2.6 Dodging
 + Level 1.2 Invocations


You had one spell level left.
You didn't know any spells.
Your spell library was empty.

Dungeon Overview and Level Annotations

Branches:
Dungeon (2/15)

Altars:


Innate Abilities, Weirdness & Mutations

Your touch may inflict minor irresistible damage on your foes.


Message History

Things that are here:
a +0 falchion; an orc corpse Unknown command.
You hit the orc but do no damage. You hit the ball python.
You kill the ball python!
You hit the orc. The dart slug launches a dart at you. The slug dart hits you.
The orc hits you but does no damage. x2
You hit the orc but do no damage. x2; The orc hits you with a +0 dagger.
The orc hits you but does no damage. The dart slug launches a dart at you.
The slug dart hits you.
* * * LOW HITPOINT WARNING * * *
You hit the orc but do no damage. You barely miss the orc.
The orc hits you but does no damage. x2
You hit the orc.
The orc is moderately wounded.
You barely miss the orc. The orc hits you with a +0 dagger.
* * * LOW HITPOINT WARNING * * *
The orc hits you with a +0 club.
* * * LOW HITPOINT WARNING * * *
The orc hits you with a +0 dagger.
* * * LOW HITPOINT WARNING * * *
The orc hits you but does no damage.
You hit the orc but do no damage.
The orc is moderately wounded.
You hit the orc but do no damage. The orc hits you but does no damage.
The orc barely misses you.
You hit the orc but do no damage.
The orc is moderately wounded.
You hit the orc but do no damage. The orc hits you but does no damage.
The orc closely misses you.
You barely miss the orc.
The orc is moderately wounded.
You hit the orc. The orc hits you but does no damage. x2
You hit the orc but do no damage.
The orc is moderately wounded.
You hit the orc but do no damage. The orc hits you but does no damage.
The orc hits you with a +0 club.
You die...

#########
############.......#
...................#
############......$#
..# #####)†#### ..#
####†...#... ..#
#..@o....... ..##
#...o.....). ....
#..w........ ....
............. ..###
###........... ....#
.......[#... ....
......####... .#
....#### .. ##


You could see a dart slug and 2 orcs.

Vanquished Creatures
  A dart slug (D:2)
  2 orcs (D:2)
  4 ball pythons
  3 bats
  2 frilled lizards (D:2)
  A kobold (D:1)
  A rat (D:1)
14 creatures vanquished.

Notes
Turn   | Place    | Note
-------+----------+-------------------------------------------
     0 | D:1      | HallandMoats the Demonspawn Monk began the quest for the
                  | Orb.
     0 | D:1      | Reached XP level 1. HP: 18/18 MP: 1/1
   311 | D:2      | Reached skill level 1 in Invocations
   311 | D:2      | Gained mutation: Your touch may inflict minor irresistible
                  | damage on your foes. [demonic ancestry]
   311 | D:2      | Reached XP level 2. HP: 20/24 MP: 2/2
   398 | D:2      | Slain by an orc

Illustrated notes

Levels and vault maps discovered:
D:1:      minmay_arrival_up_and_down, layout_basic
D:2:      layout_rooms

Skill      XL: |  1 |
---------------+----+-----
Invocations    | 1 |  1.2
Fighting       | |  3.4
Axes           | |  2.8
Dodging        | |  2.6

Action                     || total
---------------------------++-------
  Melee: Hand axe          ||    41
   Stab: Sleeping          ||     1
 Armour: Robe              ||     6
         Chain mail        ||    21
  Dodge: Dodged            ||    27

Table legend: (Time is in decaauts)
 A = Elapsed time spent in this place.
 B = Non-inter-level travel time spent in this place.
 C = Inter-level travel time spent in this place.
 D = Time resting spent in this place.
 E = Time spent auto-exploring this place.
 F = Levels seen in this place.
 G = Mean time per level.
                   A        B        C        D        E       F      G
               +--------+--------+--------+--------+--------+-----+--------+
         Total |    404 |    404 |      0 |     32 |    223 |   2 |  202.0 |
       Dungeon |    404 |    404 |      0 |     32 |    223 |   2 |  202.0 |
               +--------+--------+--------+--------+--------+-----+--------+

Top non-repeatable levels by time:
     D:1: 236 daAuts
     D:2: 168 daAuts
